AoeStats
← Tee

Socotra

505174432Analyzed
4v4 RM · 25d ago on Sep 8, 2026· 34m 23s· 8 players
Game mode
Random Map
Map size
148×148
Population
200
Speed
Normal
Resources
Standard
Victory
Conquest
Starting age
Dark Age
Ending age
Imperial Age
RankedLock teamsTeams togetherTeam positionsShared explorationLock speedFull tech treeHidden civsTurbo modeCheats
Victory
Defeat
🇨🇱 Lithuanians · Chile
1217
+13
🇺🇾 Ethiopians · Uruguay
1217
+13
🇬🇧 Dravidians · United Kingdom
1152
+16
🇨🇳 Persians · China
1135
+18
🇲🇽 Persians · Mexico
1169
-15
🇲🇽 Aztecs · Mexico
1151
-15
🇺🇸 Chinese · United States
1150
-15
🇨🇦 Japanese · Canada
1147
-15
garoumarcos
2:20 Loom
10:31 Feudal Age
10:54 Double-Bit Axe
15:39 Castle Age
17:09 Wheelbarrow
17:08 Bow Saw
18:09 Scale Barding Armor
18:16 Forging
19:06 Gold Mining
21:20 Chain Barding Armor
22:06 Husbandry
24:56 Bloodlines
29:58 Fletching
32:23 Stone Mining
kiubi23cch
9:23 Feudal Age
10:02 Double-Bit Axe
10:02 Horse Collar
18:12 Castle Age
25:30 Redemption
27:15 Loom
34:09 Sanctity
Tee
0:28 Loom
16:00 Feudal Age
16:33 Double-Bit Axe
19:15 Horse Collar
19:40 Fletching
19:50 Padded Archer Armor
25:12 Castle Age
25:32 Wheelbarrow
25:31 Crossbowman
26:08 Bodkin Arrow
27:11 Bow Saw
27:44 Ballistics
30:34 Stone Mining
Hoodedpancake
6:16 Loom
18:03 Feudal Age
18:42 Double-Bit Axe
20:09 Fletching
20:39 Horse Collar
29:57 Castle Age
29:44 Gold Mining
30:44 Bodkin Arrow
31:01 Guard Tower
31:36 Ballistics
31:34 Stone Mining
32:20 Gold Shaft Mining
33:36 Masonry
33:08 Treadmill Crane
Ham Shank
9:41 Loom
11:27 Feudal Age
12:35 Double-Bit Axe
17:42 Castle Age
28:19 Wheelbarrow
PMA
9:22 Loom
12:00 Feudal Age
14:18 Fletching
14:39 Horse Collar
15:15 Double-Bit Axe
23:56 Castle Age
23:59 Crossbowman
25:22 Bodkin Arrow
26:14 Bow Saw
28:23 Town Watch
31:34 Ballistics
33:19 Scale Barding Armor
33:16 Padded Archer Armor
PESCADO
4:34 Loom
10:47 Feudal Age
12:09 Double-Bit Axe
14:55 Castle Age
14:29 Horse Collar
23:06 Wheelbarrow
24:16 Scale Barding Armor
27:09 Chain Barding Armor
27:39 Bow Saw
28:02 Forging
30:07 Iron Casting
34:14 Imperial Age
33:00 Hand Cart
35:35 Plate Barding Armor
卢本伟
1:07 Loom
Connection lost

Rejoining the realm…

Still unreachable

The connection could not be restored.

Session expired

The server has moved on; the page needs a fresh start.